 Dungeon Crawl Stone Soup version 0.26.1-11-gd32895ea62 (webtiles) character file.

Game seed: 10558915301524809511

13 maxwell1 the Grave Robber (level 2, -9/18 (19) HPs)
             Began as a Vampire Necromancer on May 9, 2021.
             Mangled by Crazy Yiuf
             ... wielding a +4 quarterstaff of chaos
              (12 damage)
             ... on level 2 of the Dungeon.
             The game lasted 00:15:07 (336 turns).

maxwell1 the Grave Robber (Vampire Necromancer)      Turns: 336, Time: 00:15:09

HP:   -9/18 (19)    AC:  5    Str:  7    XL:     2   Next: 24%
MP:   0/5           EV: 10    Int: 17    God:
Gold: 10            SH:  0    Dex: 14    Spells: 4/5 levels left

rFire    . . .     SeeInvis +   d - +0 falchion
rCold    . . .     Faith    .   (no shield)
rNeg     . . .     Spirit   .   e - +0 ring mail
rPois    .         Reflect  .   (no helmet)
rElec    .         Harm     .   (no cloak)
rCorr    .         Rampage  .   (no gloves)
Will     .....                  (no boots)
Stlth    ++........             (no amulet)
HPRegen  0.26/turn              (no ring)
MPRegen  0.09/turn              (no ring)

@: regenerating quickly, drained
A: fangs 3, see invisible, unbreathing
a: Exsanguinate


You were on level 2 of the Dungeon.
You visited 1 branch of the dungeon, and saw 2 of its levels.

You collected 10 gold pieces.

Inventory:

Hand Weapons
 d - a +0 falchion (weapon)
Missiles
 b - 22 arrows
 c - 30 stones
Armour
 a - a +0 robe
 e - a +0 ring mail (worn)


   Skills:
 + Level 2.3 Dodging
 + Level 3.0 Stealth
 + Level 2.0 Spellcasting
 + Level 4.9 Necromancy


You had 4 spell levels left.
You knew the following spells:

 Your Spells              Type           Power        Failure   Level
a - Pain                  Necr           72%          9%          1

Your spell library contained the following spells:

 Spells                   Type           Power        Failure   Level
 Animate Skeleton         Necr           36%          9%          1
 Vampiric Draining        Necr           9%           26%         3
 Animate Dead             Necr           9%           65%         4
 Agony                    Necr           18%          94%         5


Dungeon Overview and Level Annotations

Branches:
Dungeon (2/15)

Altars:
Gozag

Shops:
D:2 *

Annotations:
D:2 Crazy Yiuf


Innate Abilities, Weirdness & Mutations

Your natural rate of healing is unusually fast.
You have razor-sharp teeth.
You have supernaturally acute eyesight. (SInv)
You can survive without breathing.


Message History

Press: ? - help, Shift-Dir - straight line, f/p - Crazy Yiuf
Aim: Crazy Yiuf, wielding a +4 quarterstaff of chaos and wearing a +0 cloak (heavily wounded, chance to affect: 84%) Crazy Yiuf barely resists.
Crazy Yiuf barely misses you.
Casting: Pain (safe; 9% risk of failure)
Confirm with . or Enter, or press ? or * to list all spells.
Aiming: Pain (safe; 9% risk of failure)
Press: ? - help, Shift-Dir - straight line, f/p - Crazy Yiuf
Aim: Crazy Yiuf, wielding a +4 quarterstaff of chaos and wearing a +0 cloak (heavily wounded, chance to affect: 84%) Crazy Yiuf barely resists.
Crazy Yiuf closely misses you.
You riposte.
You hit Crazy Yiuf.
Crazy Yiuf is severely wounded.
Casting: Pain (safe; 9% risk of failure)
Confirm with . or Enter, or press ? or * to list all spells.
Aiming: Pain (safe; 9% risk of failure)
Press: ? - help, Shift-Dir - straight line, f/p - Crazy Yiuf
Aim: Crazy Yiuf, wielding a +4 quarterstaff of chaos and wearing a +0 cloak (severely wounded, chance to affect: 84%) Crazy Yiuf writhes in agony.
Crazy Yiuf hits you with a +4 quarterstaff of chaos!
Ouch! That really hurt!
You die...

###### #....##♣♣ ###
#.##....♣ ♣♣#..)# #
#.......♣♣♣♣♣@g...#
#.##.##......♣..♣#...#
......†.....♣.♣♣♣ ###
#.##.#####♣♣♣♣♣ #....#
#.######## #........#
.........##.#
#########
#.#.####.##.#
#≈≈≈≈≈≈≈#


You could see Crazy Yiuf.

Vanquished Creatures
  An adder (D:2)
  A giant cockroach (D:2)
  A goblin (D:2)
  A hobgoblin (D:2)
4 creatures vanquished.

Notes
Turn   | Place    | Note
-------+----------+-------------------------------------------
     0 | D:1      | maxwell1 the Vampire Necromancer began the quest for the
                  | Orb.
     0 | D:1      | Reached XP level 1. HP: 13/13 MP: 3/3
   172 | D:1      | You fall into a shaft and drop 1 floor!
   185 | D:2      | Reached XP level 2. HP: 10/19 MP: 3/5
   216 | D:2      | Found an opulent altar of Gozag.
   218 | D:2      | Found Gozag's Platinum Reserve.
   327 | D:2      | Found a runed translucent door.
   328 | D:2      | Noticed Crazy Yiuf
   336 | D:2      | Mangled by Crazy Yiuf

Illustrated notes

Levels and vault maps discovered:
D:1:      dpeg_arrival_arbitrary_b, layout_loops_corners, minmay_quantized
D:2:      layout_loops_corners, nicolae_gozag_zags_fifth_avenue,
          uniq_crazy_yiuf_cottage, uniq_terence

Action                   || total
-------------------------++-------
Melee: Falchion          ||     3
 Cast: Pain              ||     9
Armor: Robe              ||     1
Dodge: Dodged            ||     2
       Rpst.: Falchion   ||     1
